[Event "Rated Blitz game"]
[Site "?"]
[Date "2021.08.12"]
[Round "?"]
[White "mared2"]
[Black "Radek_S"]
[Result "1-0"]
[ECO "C42"]
[WhiteElo "2451"]
[BlackElo "2438"]
[PlyCount "85"]
[EventDate "2021.??.??"]
[EventType "blitz"]
[TimeControl "180"]

1. e4 e5 2. Nf3 Nf6 3. Nxe5 d6 4. Nxf7 Kxf7 5. d4 c5 6. dxc5 Nc6 7. Nc3 dxc5 8.
Bc4+ Be6 9. Bxe6+ Kxe6 10. Qe2 Bd6 11. f4 Re8 12. Qc4+ Kd7 13. O-O Qe7 14. e5
Rad8 15. exd6 Qxd6 16. Bd2 Kc8 17. Rad1 Nd4 18. b4 Nxc2 19. bxc5 Qd4+ 20. Qxd4
Rxd4 21. Nb5 Rd5 22. Nd6+ Rxd6 23. cxd6 Kd7 24. h3 Re2 25. Rf2 Re4 26. Bc3 Ne3
27. Rb1 b6 28. g4 Nfd5 29. Be5 g6 30. Rc1 Ra4 31. Re2 Ra3 32. Kf2 b5 33. Bd4
Nc4 34. Bc5 Rxh3 35. Re4 Rh2+ 36. Kg3 Rxa2 37. Rd1 Ndb6 38. Re7+ Kd8 39. Rxh7
g5 40. fxg5 Rb2 41. g6 Rb3+ 42. Kh4 Ne5 43. g7 {Normal} 1-0

[Event "Rated Blitz game"]
[Site "?"]
[Date "2021.08.12"]
[Round "?"]
[White "Persian_leopard"]
[Black "Radivas"]
[Result "0-1"]
[ECO "C42"]
[WhiteElo "2351"]
[BlackElo "2427"]
[PlyCount "68"]
[EventDate "2021.??.??"]
[EventType "blitz"]
[TimeControl "180"]

1. e4 e5 2. Nf3 Nf6 3. Nxe5 d6 4. Nxf7 Kxf7 5. d4 c5 6. Nc3 cxd4 7. Qxd4 Nc6 8.
Qe3 Be6 9. f4 g6 10. Bd3 Bg7 11. O-O Ng4 12. Qg3 Bd4+ 13. Kh1 h5 14. f5 gxf5
15. exf5 Bd7 16. h3 Nce5 17. Rf4 h4 18. Bc4+ Kf8 19. Qe1 Nf2+ 20. Kh2 Qb6 21.
Be6 Bc6 22. f6 Re8 23. Nd5 Bxd5 24. Bxd5 Neg4+ 25. Rxg4 Rxe1 26. Bh6+ Ke8 27.
Rxe1+ Kd8 28. Rg8+ Rxg8 29. Bxg8 Bxf6 30. Be3 Be5+ 31. Kg1 Nxh3+ 32. gxh3 Qxb2
33. Bb3 Qc3 34. Kf2 Bg3+ {Normal} 0-1

[Event "Rated Blitz game"]
[Site "?"]
[Date "2021.08.12"]
[Round "?"]
[White "reda74"]
[Black "Thpan1"]
[Result "1-0"]
[ECO "C42"]
[WhiteElo "2427"]
[BlackElo "2369"]
[PlyCount "37"]
[EventDate "2021.??.??"]
[EventType "blitz"]
[TimeControl "300"]

1. e4 e5 2. Nf3 Nf6 3. Nxe5 d6 4. Nxf7 Kxf7 5. Bc4+ Be6 6. Bxe6+ Kxe6 7. O-O c5
8. d4 cxd4 9. c3 d3 10. Qxd3 Nc6 11. f4 d5 12. e5 Ne4 13. Be3 g6 14. c4 Nc5 15.
cxd5+ Qxd5 16. Qc2 Nb4 17. Qe2 h5 18. Rd1 Qe4 19. Nc3 {Normal} 1-0

[Event "Rated Blitz game"]
[Site "?"]
[Date "2021.08.12"]
[Round "?"]
[White "MagiqueRoger"]
[Black "raskerino"]
[Result "0-1"]
[ECO "C42"]
[WhiteElo "2535"]
[BlackElo "2470"]
[PlyCount "52"]
[EventDate "2021.??.??"]
[EventType "blitz"]
[TimeControl "300"]

1. e4 e5 2. Nf3 Nf6 3. Nxe5 d6 4. Nxf7 Kxf7 5. d4 c5 6. dxc5 Nc6 7. Nc3 dxc5 8.
Bc4+ Be6 9. Bxe6+ Kxe6 10. Qe2 Kf7 11. Qc4+ Kg6 12. f4 h6 13. e5 Qd4 14. Qe2
Nd5 15. Nxd5 Qxd5 16. O-O Kh7 17. c3 Be7 18. Rd1 Qf7 19. Qe4+ g6 20. Be3 Rhd8
21. g4 Rxd1+ 22. Rxd1 Rd8 23. Rxd8 Bxd8 24. Bxc5 Qxa2 25. Qe2 Qd5 26. Ba3 Bb6+
{Normal} 0-1

[Event "Rated Blitz game"]
[Site "?"]
[Date "2021.08.12"]
[Round "?"]
[White "ninamon"]
[Black "d-pawn"]
[Result "0-1"]
[ECO "C42"]
[WhiteElo "2327"]
[BlackElo "2515"]
[PlyCount "100"]
[EventDate "2021.??.??"]
[EventType "blitz"]
[TimeControl "300"]

1. e4 e5 2. Nf3 Nf6 3. Nxe5 d6 4. Nxf7 Kxf7 5. d4 c5 6. dxc5 Nc6 7. cxd6 Qxd6
8. Qxd6 Bxd6 9. Nc3 Re8 10. f3 Nb4 11. Bd3 Nxd3+ 12. cxd3 Bc5 13. Bg5 Be6 14.
Kd2 Rad8 15. Rhd1 h6 16. Bxf6 gxf6 17. Ke2 a6 18. g3 b5 19. b3 Bd4 20. Rac1 Rc8
21. Nb1 Bb2 22. Rxc8 Rxc8 23. d4 Rc2+ 24. Kd3 Rxh2 25. d5 Bd7 26. Rd2 Rxd2+ 27.
Nxd2 h5 28. f4 Bc1 29. Nf3 Bg4 30. Nd4 h4 31. gxh4 Bxf4 32. Nc6 Bd6 33. a4 Ke8
34. axb5 axb5 35. Na7 Bd7 36. h5 Kf7 37. Kd4 Kg7 38. b4 Kh6 39. e5 fxe5+ 40.
Ke4 Kxh5 41. Nxb5 Bxb5 42. Kf5 Bd3+ 43. Ke6 Bxb4 44. Kxe5 Kg6 45. Ke6 Bc4 46.
Ke5 Kf7 47. Kd4 Bb3 48. Ke5 Ke7 49. d6+ Bxd6+ 50. Kd4 Be6 {Normal} 0-1

[Event "Rated Blitz game"]
[Site "?"]
[Date "2021.08.12"]
[Round "?"]
[White "Xanax_2mg"]
[Black "Prayer791"]
[Result "0-1"]
[ECO "C42"]
[WhiteElo "2370"]
[BlackElo "2507"]
[PlyCount "24"]
[EventDate "2021.??.??"]
[EventType "blitz"]
[TimeControl "180"]

1. e4 e5 2. Nf3 Nf6 3. Nxe5 d6 4. Nxf7 Kxf7 5. Bc4+ d5 6. exd5 Bd6 7. O-O Rf8
8. d4 Kg8 9. Bg5 Qe8 10. h3 Qg6 11. Be3 Bxh3 12. Qf3 Bg4 {Normal} 0-1

[Event "Rated Blitz game"]
[Site "?"]
[Date "2021.08.12"]
[Round "?"]
[White "BombaLeila"]
[Black "Archstro"]
[Result "1-0"]
[ECO "C42"]
[WhiteElo "2452"]
[BlackElo "2339"]
[PlyCount "111"]
[EventDate "2021.??.??"]
[EventType "blitz"]
[TimeControl "180"]

1. e4 e5 2. Nf3 Nf6 3. Nxe5 d6 4. Nxf7 Kxf7 5. Bc4+ Be6 6. Bxe6+ Kxe6 7. d4 g6
8. O-O Kf7 9. Qf3 Kg7 10. Bg5 Be7 11. Nc3 Nh5 12. Be3 Rf8 13. Qe2 c6 14. Qd2
Kg8 15. f4 Nd7 16. Rae1 Nb6 17. b3 d5 18. e5 Ng7 19. g4 Bh4 20. Re2 Qe7 21. Rg2
Rae8 22. Qd3 Kh8 23. f5 gxf5 24. gxf5 Nh5 25. Nd1 Rg8 26. f6 Qe6 27. Rf5 Rxg2+
28. Kxg2 Qf7 29. Kh1 Rg8 30. Qe2 Ng7 31. fxg7+ Qxg7 32. Rf1 Be7 33. Rg1 Qf7 34.
Rxg8+ Qxg8 35. Nf2 Nd7 36. Ng4 Nf8 37. Qf3 Ne6 38. Nf6 Qg6 39. c3 Kg7 40. Nh5+
Kh8 41. Ng3 Qb1+ 42. Kg2 Qc2+ 43. Bf2 Qg6 44. Qf5 Qxf5 45. Nxf5 Bg5 46. Nd6 b6
47. Nc8 c5 48. dxc5 bxc5 49. Nxa7 Bd2 50. Nb5 Kg7 51. a4 d4 52. cxd4 cxd4 53.
Nxd4 Nxd4 54. Bxd4 Kf7 55. Bc5 Ke6 56. Bd6 {Normal} 1-0

[Event "Rated Rapid game"]
[Site "?"]
[Date "2021.08.12"]
[Round "?"]
[White "kvackis"]
[Black "sw33tsych0"]
[Result "0-1"]
[ECO "C42"]
[WhiteElo "2416"]
[BlackElo "2301"]
[PlyCount "36"]
[EventDate "2021.??.??"]
[EventType "rapid"]
[TimeControl "600"]

1. e4 e5 2. Nf3 Nf6 3. Nxe5 d6 4. Nxf7 Kxf7 5. Nc3 Be6 6. d4 Be7 7. Bd3 Rf8 8.
O-O Kg8 9. f4 Bg4 10. Qe1 Nc6 11. h3 Bd7 12. e5 dxe5 13. fxe5 Nh5 14. Rxf8+
Qxf8 15. e6 Be8 16. d5 Nb4 17. Be4 Nf6 18. Bf3 Nxc2 {Normal} 0-1

[Event "Rated Blitz tournament t6Yd7rq1"]
[Site "?"]
[Date "2021.08.12"]
[Round "?"]
[White "czlol"]
[Black "ChSalas"]
[Result "1-0"]
[ECO "C42"]
[WhiteElo "2250"]
[BlackElo "2491"]
[PlyCount "47"]
[EventDate "2021.??.??"]
[EventType "blitz"]
[TimeControl "180"]

1. e4 e5 2. Nf3 Nf6 3. Nxe5 d6 4. Nxf7 Kxf7 5. d4 Be7 6. Nc3 c5 7. Bc4+ d5 8.
Nxd5 Nxd5 9. Bxd5+ Be6 10. Qf3+ Bf6 11. Bxb7 Nd7 12. Bxa8 Qxa8 13. d5 Bxd5 14.
exd5 Re8+ 15. Be3 Kg8 16. d6 Qb8 17. O-O Qxd6 18. Rad1 Qc7 19. c3 Ne5 20. Qd5+
Kh8 21. Bf4 h6 22. Rfe1 Rd8 23. Bxe5 Bxe5 24. Qxd8+ {Normal} 1-0

[Event "Rated Blitz game"]
[Site "?"]
[Date "2021.08.12"]
[Round "?"]
[White "EinarHjalti"]
[Black "mustafamustafaa2100"]
[Result "1-0"]
[ECO "C42"]
[WhiteElo "2518"]
[BlackElo "2361"]
[PlyCount "55"]
[EventDate "2021.??.??"]
[EventType "blitz"]
[TimeControl "180+2"]

1. e4 e5 2. Nf3 Nf6 3. Nxe5 d6 4. Nxf7 Kxf7 5. d4 c6 6. Nc3 g6 7. Bg5 Be7 8. f4
Kg7 9. Qd2 Re8 10. O-O-O h6 11. Bxf6+ Bxf6 12. Be2 Nd7 13. g4 Qa5 14. h4 Nb6
15. g5 hxg5 16. hxg5 Be7 17. d5 Qc5 18. Rh6 Bd7 19. Bd3 Rh8 20. Qh2 Qe3+ 21.
Kb1 Bg4 22. Be2 Bxe2 23. Nxe2 Nc4 24. Rh1 Nd2+ 25. Ka1 Nf3 26. Rh7+ Kg8 27.
Rxh8+ Kf7 28. Qh7# {Normal} 1-0

[Event "Rated Rapid game"]
[Site "?"]
[Date "2021.08.12"]
[Round "?"]
[White "Coach_AGM_Asiatidis"]
[Black "Sergiokdw"]
[Result "1-0"]
[ECO "C42"]
[WhiteElo "2727"]
[BlackElo "2398"]
[PlyCount "75"]
[EventDate "2021.??.??"]
[EventType "rapid"]
[TimeControl "600"]

1. e4 e5 2. Nf3 Nf6 3. Nxe5 d6 4. Nxf7 Kxf7 5. d4 Qe8 6. f3 Nxe4 7. fxe4 Qxe4+
8. Qe2 Qh4+ 9. g3 Qxd4 10. Bg2 Be7 11. Be3 Qg4 12. O-O+ Bf6 13. Qxg4 Bxg4 14.
Bxb7 Nd7 15. Bxa8 Rxa8 16. Bd4 Kg6 17. Bxf6 Nxf6 18. Nd2 Rb8 19. b3 Nd5 20. c4
Nc3 21. Nf3 Re8 22. Nh4+ Kh5 23. Rf2 g5 24. Nf5 Re5 25. Nd4 c5 26. Nc6 Re3 27.
Nxa7 Ne4 28. Rb2 Bh3 29. a4 Kg4 30. a5 h5 31. a6 h4 32. Nb5 hxg3 33. hxg3 Rxg3+
34. Kh2 Rd3 35. Rg1+ Kh4 36. a7 Nd2 37. a8=Q Nf3+ 38. Kh1 {Time forfeit} 1-0

[Event "Rated Blitz game"]
[Site "?"]
[Date "2021.08.11"]
[Round "?"]
[White "VODOOO"]
[Black "TheGratefulDead"]
[Result "0-1"]
[ECO "C42"]
[WhiteElo "2342"]
[BlackElo "2423"]
[PlyCount "82"]
[EventDate "2021.??.??"]
[EventType "blitz"]
[TimeControl "180+2"]

1. e4 e5 2. Nf3 Nf6 3. Nxe5 d6 4. Nxf7 Kxf7 5. Nc3 Be7 6. Bc4+ Be6 7. Bxe6+
Kxe6 8. d4 Kf7 9. O-O Rf8 10. f4 Kg8 11. e5 dxe5 12. fxe5 Nd5 13. Ne4 Rxf1+ 14.
Qxf1 Nc6 15. c3 Qd7 16. Qb5 Nb6 17. Be3 Qd5 18. Qb3 a5 19. Ng3 Qxb3 20. axb3 a4
21. Nf5 Bf8 22. bxa4 Rxa4 23. Rf1 Ne7 24. Ng3 Ra2 25. Bc1 Nc4 26. b3 Na5 27. b4
Nc4 28. Ne4 Nd5 29. Re1 b6 30. h3 h6 31. Ng3 g6 32. h4 Kg7 33. h5 Nxc3 34. hxg6
Kxg6 35. e6 Be7 36. Ne4 Nxe4 37. Rxe4 Ra1 38. Re1 Nb2 39. Kh2 Nd3 40. Bd2 Rxe1
41. Bxe1 Nxe1 {Normal} 0-1

[Event "Rated Blitz game"]
[Site "?"]
[Date "2021.08.11"]
[Round "?"]
[White "thoroughlychecked"]
[Black "Eliasib"]
[Result "0-1"]
[ECO "C42"]
[WhiteElo "2473"]
[BlackElo "2314"]
[PlyCount "84"]
[EventDate "2021.??.??"]
[EventType "blitz"]
[TimeControl "180"]

1. e4 e5 2. Nf3 Nf6 3. Nxe5 d6 4. Nxf7 Kxf7 5. Nc3 c6 6. Bc4+ d5 7. exd5 cxd5
8. Nxd5 Be6 9. Nxf6 Qxf6 10. Be2 Bc5 11. O-O Nc6 12. c3 Rad8 13. d4 Bb6 14. Be3
Rhf8 15. Qd2 h6 16. Bh5+ Kg8 17. Bd1 Bd5 18. Bc2 Rde8 19. b3 Be4 20. Bxe4 Rxe4
21. f3 Re7 22. Bf2 Rfe8 23. Qd3 Bc7 24. d5 Ne5 25. Qb5 Bb8 26. c4 b6 27. a4 Nd3
28. d6 Qxd6 29. Bg3 Qd4+ 30. Kh1 Bxg3 31. hxg3 Nf2+ 32. Kg1 Nh3+ 33. Kh2 Ng5
34. g4 Qf4+ 35. Kg1 Qg3 36. Qd5+ Kh8 37. Kh1 Re2 38. f4 Qh4+ 39. Kg1 Nh3+ 40.
gxh3 Qg3+ 41. Kh1 Qxh3+ 42. Kg1 Qh2# {Normal} 0-1

[Event "Rated Blitz game"]
[Site "?"]
[Date "2021.08.11"]
[Round "?"]
[White "MXP"]
[Black "vasek8804"]
[Result "0-1"]
[ECO "C42"]
[WhiteElo "2507"]
[BlackElo "2505"]
[PlyCount "30"]
[EventDate "2021.??.??"]
[EventType "blitz"]
[TimeControl "180+2"]

1. e4 e5 2. Nf3 Nf6 3. Nxe5 d6 4. Nxf7 Kxf7 5. Nc3 c5 6. Bc4+ Be6 7. Bxe6+ Kxe6
8. d4 Kf7 9. O-O Be7 10. f4 cxd4 11. Qxd4 Qb6 12. Qxb6 axb6 13. Be3 b5 14. a3
Rc8 15. e5 Ng4 {Normal} 0-1

[Event "Rated Blitz game"]
[Site "?"]
[Date "2021.08.11"]
[Round "?"]
[White "Doubleb17"]
[Black "destG"]
[Result "1-0"]
[ECO "C42"]
[WhiteElo "2469"]
[BlackElo "2440"]
[PlyCount "95"]
[EventDate "2021.??.??"]
[EventType "blitz"]
[TimeControl "180"]

1. e4 e5 2. Nf3 Nf6 3. Nxe5 d6 4. Nxf7 Kxf7 5. Nc3 g6 6. Bc4+ Kg7 7. O-O Nc6 8.
d4 d5 9. exd5 Na5 10. Bd3 Bd6 11. Bg5 Rf8 12. Ne4 Be7 13. d6 cxd6 14. Ng3 d5
15. Qd2 Kg8 16. Bh6 Rf7 17. Rae1 Nc6 18. c3 Ng4 19. Bf4 Bd6 20. Bg5 Qf8 21. f3
Nf6 22. Bh6 Qd8 23. f4 Ng4 24. Bg5 Be7 25. h3 Nf6 26. f5 Ne4 27. Bxe7 Nxd2 28.
Bxd8 Nxf1 29. Nxf1 Nxd8 30. fxg6 hxg6 31. Bxg6 Rf8 32. Re7 Nf7 33. Ng3 Kg7 34.
Bd3 Kf6 35. Rc7 Nd6 36. Nh5+ Kg5 37. g4 Rf7 38. Rc5 Be6 39. Kg2 b6 40. Rc6 Rd8
41. Kg3 Kh6 42. Nf4 Re7 43. h4 Ne4+ 44. Bxe4 dxe4 45. Nxe6 Kh7 46. Nxd8 e3 47.
Re6 e2 48. Rxe7+ {Normal} 1-0

[Event "Rated Blitz game"]
[Site "?"]
[Date "2021.08.11"]
[Round "?"]
[White "tatamaco"]
[Black "Winer4321"]
[Result "1-0"]
[ECO "C42"]
[WhiteElo "2458"]
[BlackElo "2389"]
[PlyCount "67"]
[EventDate "2021.??.??"]
[EventType "blitz"]
[TimeControl "180+2"]

1. e4 e5 2. Nf3 Nf6 3. Nxe5 d6 4. Nxf7 Kxf7 5. d4 Be7 6. Bc4+ Be6 7. d5 Bg4 8.
f3 Bc8 9. O-O Nbd7 10. Nd2 Ne5 11. Be2 g5 12. b3 Rg8 13. Bb2 Ke8 14. c4 h5 15.
Qc2 h4 16. Rae1 Bd7 17. b4 a5 18. a3 axb4 19. axb4 Ba4 20. Qc3 b5 21. c5 Qb8
22. Qe3 Nc4 23. Nxc4 bxc4 24. Bc3 Bb5 25. f4 gxf4 26. Rxf4 Qd8 27. Ref1 Ra3 28.
Qd4 Rxc3 29. Qxc3 Kd7 30. Rxf6 Bxf6 31. Qxf6 Qxf6 32. Rxf6 Ra8 33. Rf7+ Kd8 34.
Rf8+ {Normal} 1-0

[Event "Rated Blitz game"]
[Site "?"]
[Date "2021.08.10"]
[Round "?"]
[White "Xanax_2mg"]
[Black "DoctorCaligari"]
[Result "1-0"]
[ECO "C42"]
[WhiteElo "2455"]
[BlackElo "2441"]
[PlyCount "71"]
[EventDate "2021.??.??"]
[EventType "blitz"]
[TimeControl "180"]

1. e4 e5 2. Nf3 Nf6 3. Nxe5 d6 4. Nxf7 Kxf7 5. Bc4+ d5 6. exd5 Bd6 7. O-O Re8
8. d4 Bf5 9. Bb3 b5 10. a4 b4 11. c4 bxc3 12. bxc3 Nbd7 13. c4 Bb4 14. c5 a5
15. Bf4 Kg8 16. d6+ Be6 17. dxc7 Qc8 18. Bxe6+ Rxe6 19. d5 Re4 20. Bg3 Bxc5 21.
Nc3 Rd4 22. Qf3 Qa6 23. Rfd1 Rxd1+ 24. Rxd1 Bd6 25. Nb5 Bxg3 26. Qxg3 Re8 27.
h3 Nb6 28. d6 Nfd7 29. Qb3+ Kh8 30. Qf7 Rf8 31. Qe7 Qc8 32. Na7 Qe8 33. Re1
Qxe7 34. dxe7 Re8 35. c8=Q Nxc8 36. Nxc8 {Normal} 1-0

[Event "Rated Blitz game"]
[Site "?"]
[Date "2021.08.10"]
[Round "?"]
[White "MXP"]
[Black "justiniano565"]
[Result "1/2-1/2"]
[ECO "C42"]
[WhiteElo "2563"]
[BlackElo "2570"]
[PlyCount "133"]
[EventDate "2021.??.??"]
[EventType "blitz"]
[TimeControl "180+2"]

1. e4 e5 2. Nf3 Nf6 3. Nxe5 d6 4. Nxf7 Kxf7 5. Nc3 Be7 6. d4 Re8 7. Bc4+ Be6 8.
Bxe6+ Kxe6 9. O-O Kf7 10. f4 Kg8 11. Qd3 Nc6 12. Qc4+ Kh8 13. e5 d5 14. Qd3 Ne4
15. Be3 Nxc3 16. Qxc3 Rf8 17. Qd3 Qd7 18. c3 Rae8 19. f5 Bd8 20. Rf3 Ne7 21.
Raf1 Ng8 22. Rh3 Qf7 23. Bd2 Ne7 24. g4 c5 25. e6 Qg8 26. dxc5 Nc6 27. Qxd5 Bf6
28. Bf4 Rd8 29. Bd6 Ne7 30. Qxb7 Nc8 31. Bxf8 Qxf8 32. b4 Rd2 33. Rff3 Ne7 34.
Rd3 Rxd3 35. Rxd3 h5 36. Rh3 h4 37. Rd3 g6 38. Qc7 Qh6 39. Kg2 Qc1 40. Qd8+ Kg7
41. Qd7 Qc2+ 42. Kf3 Qxh2 43. c6 Qg3+ 44. Ke2 Qxg4+ 45. Kd2 h3 46. c7 Qg2+ 47.
Kc1 Bg5+ 48. Kb1 h2 49. Rd1 h1=Q 50. Rxh1 Qxh1+ 51. Kc2 Qg2+ 52. Kb3 Qb7 53.
c8=Q Qxc8 54. Qxc8 Nxc8 55. fxg6 Kxg6 56. Ka4 Kf6 57. Kb5 Kxe6 58. Kc6 Bf4 59.
c4 Ke7 60. c5 Kd8 61. a4 Bd2 62. b5 Be3 63. a5 Ne7+ 64. Kd6 Nc8+ 65. Kc6 Ne7+
66. Kd6 Nc8+ 67. Kc6 {Normal} 1/2-1/2

[Event "Rated Blitz tournament vYYUDmZo"]
[Site "?"]
[Date "2021.08.10"]
[Round "?"]
[White "gmusya"]
[Black "Mik74"]
[Result "1-0"]
[ECO "C42"]
[WhiteElo "2554"]
[BlackElo "2444"]
[PlyCount "93"]
[EventDate "2021.??.??"]
[EventType "blitz"]
[TimeControl "180"]

1. e4 e5 2. Nf3 Nf6 3. Nxe5 d6 4. Nxf7 Kxf7 5. d4 c5 6. dxc5 Qa5+ 7. Nc3 dxc5
8. e5 Ng8 9. Bc4+ Ke8 10. O-O Nc6 11. Qf3 Be7 12. Qf7+ Kd8 13. Qxg7 Qb4 14.
Bxg8 Rxg8 15. Qxg8+ Kd7 16. Rd1+ Nd4 17. Be3 Qxb2 18. Bxd4 cxd4 19. Qd5+ Ke8
20. Qb5+ Qxb5 21. Nxb5 Kf7 22. Rxd4 Bf5 23. Nd6+ Ke6 24. Nxf5 Kxf5 25. Rd7 Bc5
26. Rxb7 Re8 27. Re1 h5 28. g3 h4 29. Kg2 Rh8 30. h3 hxg3 31. fxg3 Rd8 32. Rf7+
Ke6 33. Rf6+ Ke7 34. Rf2 Bxf2 35. Kxf2 Rd2+ 36. Re2 Rd1 37. Kf3 Ra1 38. c4 Rc1
39. Kf4 Rxc4+ 40. Kf5 Rc3 41. Rg2 Rf3+ 42. Ke4 Ra3 43. Rd2 Ra4+ 44. Kf5 Ra3 45.
g4 Re3 46. Rb2 Rxh3 47. Rb7+ {Time forfeit} 1-0

[Event "Rated Blitz game"]
[Site "?"]
[Date "2021.08.10"]
[Round "?"]
[White "xadrezsoccer21"]
[Black "buddaaaa"]
[Result "0-1"]
[ECO "C42"]
[WhiteElo "2485"]
[BlackElo "2467"]
[PlyCount "108"]
[EventDate "2021.??.??"]
[EventType "blitz"]
[TimeControl "180"]

1. e4 e5 2. Nf3 Nf6 3. Nxe5 d6 4. Nxf7 Kxf7 5. d4 Be7 6. Bc4+ d5 7. exd5 Bd6 8.
O-O Re8 9. Bb3 Kg8 10. Bg5 Qd7 11. c4 b6 12. Bxf6 gxf6 13. Qh5 Qf7 14. Qf3 Qg6
15. h3 Bf5 16. Nc3 Nd7 17. Rfe1 Rxe1+ 18. Rxe1 Re8 19. Rxe8+ Qxe8 20. g4 Qe1+
21. Kg2 Bg6 22. Ba4 Nf8 23. h4 Qe7 24. h5 Bf7 25. Ne4 Kg7 26. Bc2 h6 27. Ng3
Bxg3 28. Kxg3 Bg8 29. Qe4 Qd6+ 30. f4 Bh7 31. Qe2 Bxc2 32. Qxc2 c5 33. Qe4 cxd4
34. Qxd4 Nd7 35. a3 Nc5 36. b4 Nd7 37. Kf3 Qe7 38. g5 hxg5 39. fxg5 Ne5+ 40.
Kg3 fxg5 41. h6+ Kxh6 42. Qe4 Qd6 43. Kg2 Ng6 44. c5 Nh4+ 45. Kh3 Qf4 46. Qxf4
gxf4 47. Kxh4 bxc5 48. bxc5 f3 49. Kg3 Kg6 50. Kxf3 Kf6 51. Ke4 Ke7 52. Kd4 Kd7
53. Kc4 a6 54. c6+ Kc7 {Time forfeit} 0-1

[Event "Rated Blitz game"]
[Site "?"]
[Date "2021.08.10"]
[Round "?"]
[White "H-HH"]
[Black "F96485"]
[Result "0-1"]
[ECO "C42"]
[WhiteElo "2483"]
[BlackElo "2461"]
[PlyCount "46"]
[EventDate "2021.??.??"]
[EventType "blitz"]
[TimeControl "180"]

1. e4 e5 2. Nf3 Nf6 3. Nxe5 d6 4. Nxf7 Kxf7 5. d4 c5 6. Nc3 Nc6 7. Bc4+ d5 8.
exd5 Nxd4 9. d6+ Be6 10. Bxe6+ Nxe6 11. O-O Bxd6 12. Be3 Nd4 13. Bxd4 cxd4 14.
Nb5 Bc5 15. Qf3 Qd5 16. Qh3 Rac8 17. Rad1 a6 18. Nxd4 Bxd4 19. c3 Bxf2+ 20.
Kxf2 Qc5+ 21. Rd4 Rcd8 22. Rfd1 Rxd4 23. Rxd4 Rd8 {Normal} 0-1

[Event "Rated Blitz game"]
[Site "?"]
[Date "2021.08.09"]
[Round "?"]
[White "Bizzo"]
[Black "momeala"]
[Result "1-0"]
[ECO "C42"]
[WhiteElo "2436"]
[BlackElo "2363"]
[PlyCount "61"]
[EventDate "2021.??.??"]
[EventType "blitz"]
[TimeControl "180+2"]

1. e4 e5 2. Nf3 Nf6 3. Nxe5 d6 4. Nxf7 Kxf7 5. Nc3 Be7 6. Bc4+ d5 7. Nxd5 Nxd5
8. Bxd5+ Be6 9. Bxe6+ Kxe6 10. d4 Kf7 11. O-O Rf8 12. f4 Kg8 13. c3 Kh8 14. e5
c6 15. f5 Nd7 16. Qg4 Nb6 17. Bd2 a5 18. Rae1 a4 19. Rf3 Qd7 20. Ref1 Nd5 21.
Rg3 Bd8 22. e6 Qc7 23. Rh3 Nf6 24. Qh4 c5 25. d5 Qe7 26. Bg5 h6 27. Bxh6 gxh6
28. Qxh6+ Nh7 29. f6 Rxf6 30. Rxf6 Qxf6 31. Qxh7# {Normal} 1-0

[Event "Rated Blitz game"]
[Site "?"]
[Date "2021.08.09"]
[Round "?"]
[White "FunnyPlz"]
[Black "Kontradmiral"]
[Result "1-0"]
[ECO "C42"]
[WhiteElo "2387"]
[BlackElo "2413"]
[PlyCount "95"]
[EventDate "2021.??.??"]
[EventType "blitz"]
[TimeControl "180+2"]

1. e4 e5 2. Nf3 Nf6 3. Nxe5 d6 4. Nxf7 Kxf7 5. d4 c5 6. dxc5 Qa5+ 7. Nc3 Qxc5
8. Be3 Qa5 9. Bc4+ Be6 10. Bxe6+ Kxe6 11. O-O Nc6 12. f4 Re8 13. a3 Kf7 14. b4
Qh5 15. Qd3 a6 16. Qc4+ Ke7 17. h3 Qf7 18. Qd3 Kd7 19. b5 axb5 20. Qxb5 Kc8 21.
Qa4 Qc7 22. Rab1 Qa5 23. Qb3 Qa6 24. Qf7 Re7 25. Qb3 Nxe4 26. Nd5 Re8 27. Nb6+
Kd8 28. Rfd1 Be7 29. Qe6 Nb8 30. Qxe4 Bf6 31. Rxd6+ Kc7 32. Re6 Rxe6 33. Qxe6
Nc6 34. Qd7+ Kb8 35. Bc5 Rd8 36. Bd6+ Ka7 37. Nc8+ Ka8 38. Qc7 Rxd6 39. Nxd6
Na5 40. Kh1 Ka7 41. Nc8+ Ka8 42. Nb6+ Ka7 43. Qc5 Nc6 44. Nd7+ Ka8 45. Nxf6
gxf6 46. Qf8+ Ka7 47. Qxf6 Qxa3 48. Ra1 {Normal} 1-0

[Event "Rated Blitz game"]
[Site "?"]
[Date "2021.08.09"]
[Round "?"]
[White "gmusya"]
[Black "darthpetrov2000"]
[Result "0-1"]
[ECO "C42"]
[WhiteElo "2562"]
[BlackElo "2620"]
[PlyCount "58"]
[EventDate "2021.??.??"]
[EventType "blitz"]
[TimeControl "180"]

1. e4 e5 2. Nf3 Nf6 3. Nxe5 d6 4. Nxf7 Kxf7 5. d4 c5 6. dxc5 Nc6 7. Nc3 Be6 8.
f4 dxc5 9. Qf3 Nd4 10. Qd1 Kg8 11. f5 Bf7 12. Be2 Bd6 13. O-O Qc7 14. g3 Re8
15. Bf3 h5 16. Bg5 Bxg3 17. Bxf6 Bxh2+ 18. Kh1 gxf6 19. Qd2 Be5 20. Nd1 Kf8 21.
Bg2 h4 22. c3 h3 23. Bf3 Nxf3 24. Rxf3 Qc6 25. Nf2 h2 26. Re1 Rh4 27. b4 c4 28.
Nd1 Rxe4 29. Rxe4 Qxe4 {Normal} 0-1

[Event "Rated Blitz game"]
[Site "?"]
[Date "2021.08.09"]
[Round "?"]
[White "Dark32"]
[Black "SNOEBE"]
[Result "1-0"]
[ECO "C42"]
[WhiteElo "2505"]
[BlackElo "2516"]
[PlyCount "67"]
[EventDate "2021.??.??"]
[EventType "blitz"]
[TimeControl "180+2"]

1. e4 e5 2. Nf3 Nf6 3. Nxe5 d6 4. Nxf7 Kxf7 5. d4 c5 6. Bc4+ Be6 7. d5 Bd7 8.
Nc3 a6 9. a4 g6 10. O-O Kg7 11. Bg5 Be7 12. Qd2 h6 13. Bf4 Nh5 14. Be3 Bf6 15.
f4 Qe7 16. Rae1 b5 17. axb5 axb5 18. Nxb5 Bxb5 19. Bxb5 Kh7 20. e5 dxe5 21. d6
Qg7 22. fxe5 Bxe5 23. Qd5 Ra7 24. d7 Rxd7 25. Bxd7 Nxd7 26. Rf7 Nhf6 27. Rxg7+
Kxg7 28. Qf3 Re8 29. c3 g5 30. Bf2 h5 31. Qf5 g4 32. g3 Re7 33. Bxc5 Nxc5 34.
Rxe5 {Normal} 1-0

[Event "Rated Blitz game"]
[Site "?"]
[Date "2021.08.09"]
[Round "?"]
[White "asafyona2008"]
[Black "Oleggelo17"]
[Result "0-1"]
[ECO "C42"]
[WhiteElo "2353"]
[BlackElo "2413"]
[PlyCount "74"]
[EventDate "2021.??.??"]
[EventType "blitz"]
[TimeControl "180+2"]

1. e4 e5 2. Nf3 Nf6 3. Nxe5 d6 4. Nxf7 Kxf7 5. Nc3 Be7 6. Bc4+ Be6 7. Bxe6+
Kxe6 8. d4 Re8 9. Qe2 Kf7 10. Be3 Kg8 11. g4 c5 12. O-O-O cxd4 13. Bxd4 Nc6 14.
g5 Nxd4 15. Rxd4 Nd7 16. f4 Rc8 17. Rhd1 Rxc3 18. bxc3 Qa5 19. Kb2 Nc5 20. Qc4+
Kf8 21. h4 b5 22. Qd5 Na4+ 23. Rxa4 Qxa4 24. h5 Qc4 25. Qf5+ Kg8 26. Rd4 Qc8
27. Qd5+ Kh8 28. h6 gxh6 29. gxh6 Bf6 30. Rd3 b4 31. e5 dxe5 32. Qf7 Rf8 33.
Qxa7 exf4 34. Rd7 Qxc3+ 35. Kc1 Qe1+ 36. Rd1 Qe3+ 37. Kb1 Qxa7 {Normal} 0-1

[Event "Rated Rapid game"]
[Site "?"]
[Date "2021.08.09"]
[Round "?"]
[White "Dr_Ref3t"]
[Black "paprika58"]
[Result "1/2-1/2"]
[ECO "C42"]
[WhiteElo "2451"]
[BlackElo "2283"]
[PlyCount "143"]
[EventDate "2021.??.??"]
[EventType "rapid"]
[TimeControl "600"]

1. e4 e5 2. Nf3 Nf6 3. Nxe5 d6 4. Nxf7 Kxf7 5. d4 Be7 6. Bd3 Re8 7. O-O Kg8 8.
f4 c5 9. e5 Bg4 10. Qe1 Nd5 11. Qg3 Bh5 12. Bxh7+ Kxh7 13. Qh3 Bh4 14. g3 cxd4
15. gxh4 Qd7 16. Qd3+ g6 17. c4 Ne7 18. Nd2 Nbc6 19. Ne4 Qf5 20. Nf6+ Kh8 21.
Qxf5 Nxf5 22. Nxe8 Rxe8 23. Re1 dxe5 24. fxe5 Nxe5 25. Kh1 Bf3+ 26. Kg1 Bc6 27.
Kf1 Nxh4 28. Bg5 Nhf3 29. Bf6+ Kg8 30. Red1 d3 31. b4 Nxh2+ 32. Kg1 Nhf3+ 33.
Kf1 Rf8 34. Bxe5 Nxe5+ 35. Ke1 Bf3 36. Rdc1 Be2 37. Kd2 Nf3+ 38. Ke3 Re8+ 39.
Kf2 g5 40. c5 Nd4 41. Rab1 Rf8+ 42. Ke3 Nc2+ 43. Kd2 Na3 44. Rb3 Nb5 45. a4 Nd4
46. Rxd3 Bxd3 47. Kxd3 Nc6 48. b5 Ne5+ 49. Ke4 Re8 50. Kf5 g4 51. Re1 Kf7 52.
Rf1 Kg7 53. Re1 Rf8+ 54. Kg5 Nf3+ 55. Kxg4 Nxe1 56. Kg3 Rc8 57. a5 Rxc5 58. a6
bxa6 59. bxa6 Ra5 60. Kf2 Rxa6 61. Kxe1 Rd6 62. Ke2 a5 63. Ke3 a4 64. Ke4 a3
65. Ke5 Rd1 66. Ke4 a2 67. Ke3 a1=Q 68. Ke2 Qd4 69. Kf3 Re1 70. Kg2 Qf6 71. Kg3
Rg1+ 72. Kh2 {Time forfeit} 1/2-1/2